 Dungeon Sprint DCSS version 0.17-a0-1838-g891d947 (webtiles) character file.

14907 nuthulu the Warrior (level 12, -22/89 HPs)
             Began as a Gargoyle Fighter on Sept 15, 2015.
             Was a High Priest of Trog.
             Killed from afar by Margery (28 damage)
             ... with a bolt of fire
             ... in the Dungeon (Sprint VII: "The Pits").
             The game lasted 00:08:26 (2173 turns).

nuthulu the Warrior (Gargoyle Fighter)              Turns: 2173, Time: 00:08:26

Health: -22/89     AC: 30    Str: 22    XL:     12   Next: 21%
Magic:  12/12      EV:  7    Int: 14    God:    Trog [*****.]
Gold:   25         SH: 14    Dex: 13    Spells: 0 memorised, 11 levels left

rFire  . . .     SeeInvis .     v - +5 eveningstar (freeze)
rCold  . . .     Clarity  .     y - +3 plate armour
rNeg   + . .     SustAt   .     c - +0 shield
rPois  ∞         Gourm    .     B - +0 helmet
rElec  +         Spirit   .     (no cloak)
rCorr  .         Warding  .     (no gloves)
rMut   .         NoTele   +     (no boots)
MR     ++...                    (no amulet)
Stlth  ..........               x - +3 ring of intelligence
                                w - +3 ring of strength

@: fainting, regenerating, very resistant to hostile enchantments, extremely
unstealthy
A: negative energy resistance 1, electricity resistance, unbreathing,
petrification resistance, rot immunity, AC +8
a: Burn Spellbooks, Berserk, Trog's Hand, Brothers in Arms, Renounce Religion


You were in the Dungeon.
You worshipped Trog.
Trog was extremely pleased with you.
You were fainting.

You visited 1 branch You collected 25 gold pieces.

Inventory:

Hand weapons
 a - a +0 flail
 r - a +2 mace
 u - a +0 morningstar
 v - a +5 eveningstar of freezing (weapon)
 C - a +2 morningstar of protection
 E - a +4 antimagic scimitar
 I - a +2 flail of protection
 K - a +2 eveningstar of holy wrath
Missiles
 D - 2 throwing nets (quivered)
Armour
 b - a +0 scale mail
 c - a +0 shield (worn)
 s - a +3 chain mail
 y - a +3 plate armour (worn)
 B - a +0 helmet (worn)
Jewellery
 w - a +3 ring of strength (left hand)
 x - a +3 ring of intelligence (right hand)
 J - an uncursed ring of fire
Scrolls
 k - 3 scrolls of blinking
 o - 4 scrolls of remove curse
 p - 5 scrolls of amnesia
 q - a scroll of summoning
 F - a scroll of recharging
 G - 3 scrolls of fog
 H - a scroll of identify
Potions
 d - 3 potions of might
 f - 9 potions of curing
 g - 9 potions of heal wounds
 h - 6 potions of haste
 i - 4 potions of magic
 j - 4 potions of berserk rage
 n - 2 potions of invisibility
 t - a potion of flight {unknown}
 z - 2 potions of cure mutation
 A - 3 potions of resistance
Comestibles
 e - 7 bread rations
 l - 40 fruits
 m - 6 meat rations


   Skills:
 + Level 16.3 Fighting
 + Level 15.1 Maces & Flails
 + Level 16.2 Armour
 + Level 16.2 Shields


You had 11 spell levels left.
You didn't know any spells.

Dungeon Overview and Level Annotations

Branches:
Dungeon (1/1)

Altars:
Ashenzari
Cheibriados
Dithmenos
Elyvilon
Fedhas
Kikubaaqudgha
Makhleb
Nemelex Xobeh
Okawaru
Ru
Sif Muna
Trog
Vehumet
Xom
Yredelemnul
Zin
The Shining One
Beogh
Jiyva
Lugonu

Annotations:
D Margery


Innate Abilities, Weirdness & Mutations

You are resistant to torment.
Your stone body is resilient (AC +8).
You are immune to poison.
You resist negative energy.
You are resistant to electric shocks.
You can survive without breathing.
You are immune to petrification.
You are immune to rotting.


Message History

The deep elf sorcerer shouts!
The death cob barely misses you. The hell knight barely misses you.
Margery hits you but does no damage. The death cob hits you.
You feel slightly more hungry.
Unknown command.
You puncture Margery! You freeze Margery.
Margery is moderately wounded.
You block the hell knight's attack. The death cob hits you.
You feel slightly more hungry. The death cob hits you!!
* * * LOW HITPOINT WARNING * * *
You feel slightly more hungry.
Unknown command.
You puncture Margery! You freeze Margery.
Margery is moderately wounded.
The death cob hits you!
* * * LOW HITPOINT WARNING * * *
You feel slightly more hungry. You block the hell knight's attack.
Margery gestures at you while chanting. The bolt of fire hits you!
You die...

#################+#
.....†.......)))..#
.............(()..#
++##############..#
#..# #..# #@.# #@z#
#pp# #p{# #pp# #dp#
#e.# #''# #''#


You could see Margery, a black draconian, a death cob, 5 hell knights, a deep
elf sorcerer and a necromancer.

Vanquished Creatures
  A greater naga (D)
  A hydra (D)
  An alligator (D)
  A shadow wraith (D)
  A sea snake (D)
  Pikel (D)
  4 harpies (D)
  A cyclops (D)
  2 smoke demons (D)
  Joseph (D)
  A molten gargoyle (D)
  An orange demon (D)
  2 guardian mummies (D)
  A wandering mushroom (D)
  A freezing wraith (D)
  A small abomination (D)
  A polar bear (D)
  2 spriggans (D)
  A wyvern (D)
  A yak (D)
  5 wolves (D)
  A hungry ghost (D)
  A soldier ant (D)
  A naga (D)
  A porcupine (D)
  A water moccasin (D)
  A swamp drake (D)
  A wasp (D)
  A hound (D)
  An orc priest (D)
  An iron imp (D)
  An orc wizard (D)
  A worker ant (D)
  2 sheep (D)
  A river rat (D)
  2 giant eyeballs (D)
  4 orcs (D)
  A bat (D)
  2 bat skeletons (D)
  A goblin (D)
  3 hobgoblins (D)
  A ball python skeleton (D)
  2 jackals (D)
  A kobold (D)
63 creatures vanquished.

Vanquished Creatures (collateral kills)
  Harold (D)
  A naga warrior (D)
  Erica (D)
  A naga sharpshooter (D)
  A flayed ghost (D)
  A phantasmal warrior (D)
  A harpy (D)
  A salamander (D)
  A troll (D)
  A fire drake (D)
  A hellwing (D)
  A blue devil (D)
  A jumping spider (D)
  A wraith (D)
  A water elemental (D)
  2 yaks (D)
  A naga (D)
  A sky beast (D)
  A centaur (D)
  An orc priest (D)
  An iguana (D)
  2 sheep (D)
  An ooze (D)
  A giant newt (D)
26 creatures vanquished.

Vanquished Creatures (others)
  A wolf (D)
  A crimson imp (D)
  An orc priest (D)
  A jelly (D)
  A mummy (D)
  An adder skeleton (D)
  5 orcs (D)
  A rat (D)
12 creatures vanquished.

Grand Total: 101 creatures vanquished

Notes
Turn   | Place    | Note
--------------------------------------------------------------
     0 | D        | nuthulu the Gargoyle Fighter began the quest for the Orb.
     0 | D        | Reached XP level 1. HP: 14/14 MP: 1/1
    46 | D        | Found a sacrificial altar of Ru.
    46 | D        | Found a basalt altar of Yredelemnul.
    46 | D        | Found a glowing golden altar of the Shining One.
    46 | D        | Found a deep blue altar of Sif Muna.
    46 | D        | Found a burning altar of Makhleb.
    46 | D        | Found an ancient bone altar of Kikubaaqudgha.
    46 | D        | Found a glowing silver altar of Zin.
    47 | D        | Found a shadowy altar of Dithmenos.
    47 | D        | Found a bloodstained altar of Trog.
    47 | D        | Found a shattered altar of Ashenzari.
    47 | D        | Found a white marble altar of Elyvilon.
    47 | D        | Found a snail-covered altar of Cheibriados.
    47 | D        | Found a blossoming altar of Fedhas.
    47 | D        | Found a radiant altar of Vehumet.
    47 | D        | Found a shimmering altar of Xom.
    47 | D        | Found a sparkling altar of Nemelex Xobeh.
    47 | D        | Found a corrupted altar of Lugonu.
    47 | D        | Found a viscous altar of Jiyva.
    47 | D        | Found a roughly hewn altar of Beogh.
    47 | D        | Found an iron altar of Okawaru.
    50 | D        | Became a worshipper of Trog the Wrathful
    58 | D        | Noticed a worker ant
    61 | D        | Killed a worker ant
    61 | D        | Reached skill level 4 in Fighting
    61 | D        | Reached XP level 2. HP: 17/20 MP: 2/2
    61 | D        | Reached XP level 3. HP: 20/24 MP: 3/3
    71 | D        | Acquired Trog's first power
   186 | D        | Paralysed by a giant eyeball for 4 turns
   194 | D        | Reached skill level 5 in Fighting
   212 | D        | Acquired Trog's second power
   238 | D        | Reached skill level 5 in Armour
   312 | D        | Noticed Pikel
   312 | D        | Noticed a slave
   312 | D        | Noticed a slave
   312 | D        | Noticed a slave
   313 | D        | Noticed a wolf
   313 | D        | Noticed an orc priest
   313 | D        | Noticed a crimson imp
   323 | D        | Noticed a slave
   330 | D        | Reached skill level 5 in Shields
   335 | D        | Killed Pikel
   335 | D        | Acquired Trog's third power
   335 | D        | Reached skill level 9 in Fighting
   335 | D        | Reached XP level 4. HP: 11/36 MP: 4/4
   335 | D        | Reached XP level 5. HP: 12/41 MP: 5/5
   335 | D        | Reached XP level 6. HP: 13/46 MP: 6/6
   335 | D        | Reached XP level 7. HP: 14/51 MP: 7/7
   348 | D        | Killed an orc priest
   375 | D        | Killed a wolf
   392 | D        | Killed a crimson imp
   433 | D        | Noticed a molten gargoyle
   438 | D        | Killed a molten gargoyle
   438 | D        | Reached skill level 10 in Fighting
   438 | D        | Reached skill level 10 in Shields
   438 | D        | Reached XP level 8. HP: 18/57 MP: 8/8
   518 | D        | Noticed an iron imp
   518 | D        | Noticed a hound
   523 | D        | Killed a hound
   523 | D        | Reached skill level 10 in Armour
   526 | D        | Killed an iron imp
   594 | D        | Noticed a jelly
   602 | D        | Killed a jelly
   718 | D        | Noticed a hungry ghost
   721 | D        | Noticed a small abomination
   724 | D        | Killed a hungry ghost
   730 | D        | Killed a small abomination
   736 | D        | Noticed a polar bear
   749 | D        | Killed a polar bear
   749 | D        | Reached skill level 11 in Fighting
   749 | D        | Reached skill level 10 in Maces & Flails
   794 | D        | Noticed a blue devil
   794 | D        | Noticed Harold
   794 | D        | Noticed an orange demon
   794 | D        | Noticed a troll
   794 | D        | Noticed a cyclops
   806 | D        | Killed a blue devil
   806 | D        | Reached XP level 9. HP: 60/64 MP: 9/9
   810 | D        | Killed a troll
   824 | D        | Killed an orange demon
   835 | D        | Killed a cyclops
   835 | D        | Reached skill level 12 in Fighting
   837 | D        | Killed Harold
   981 | D        | Noticed a wolf
   982 | D        | Noticed a wolf
   983 | D        | Noticed a swamp drake
   984 | D        | Noticed a wolf
   986 | D        | Killed a wolf
   989 | D        | Noticed a wolf
   991 | D        | Killed a swamp drake
   993 | D        | Noticed a wolf
   994 | D        | Killed a wolf
   995 | D        | Noticed a smoke demon
   996 | D        | Killed a wolf
   997 | D        | Killed a wolf
   997 | D        | Received a gift from Trog
   997 | D        | Reached XP level 10. HP: 69/72 MP: 10/10
   999 | D        | Noticed an orc priest
  1003 | D        | Noticed an orc wizard
  1006 | D        | Noticed a five-headed hydra
  1006 | D        | Killed a smoke demon
  1009 | D        | Killed an orc priest
  1011 | D        | Noticed a soldier ant
  1011 | D        | Killed an orc wizard
  1012 | D        | Noticed an orc priest
  1013 | D        | Noticed a water moccasin
  1032 | D        | Killed a five-headed hydra
  1032 | D        | Reached skill level 13 in Fighting
  1042 | D        | Killed a water moccasin
  1045 | D        | Killed a soldier ant
  1045 | D        | Killed an orc priest
  1069 | D        | Killed a wolf
  1071 | D        | Noticed a spriggan
  1077 | D        | Killed a spriggan
  1098 | D        | Killed a shadow wraith
  1146 | D        | Noticed a spriggan
  1155 | D        | Killed a spriggan
  1177 | D        | Noticed Joseph
  1177 | D        | Noticed a freezing wraith
  1190 | D        | Killed Joseph
  1199 | D        | Killed a freezing wraith
  1199 | D        | Reached skill level 14 in Fighting
  1241 | D        | Noticed a yak
  1243 | D        | Noticed a yak
  1243 | D        | Noticed a sky beast
  1243 | D        | Noticed a hellwing
  1243 | D        | Noticed a yak
  1244 | D        | Noticed a wraith
  1244 | D        | Noticed Erica
  1244 | D        | Noticed a wyvern
  1244 | D        | Noticed a phantasmal warrior
  1245 | D        | Noticed a fire drake
  1245 | D        | Noticed a centaur
  1246 | D        | Noticed a flayed ghost
  1246 | D        | Noticed an iguana
  1255 | D        | Killed a yak
  1256 | D        | Killed a hellwing
  1256 | D        | Received a gift from Trog
  1257 | D        | Killed a centaur
  1258 | D        | Killed Erica
  1258 | D        | Reached XP level 11. HP: 75/80 MP: 11/11
  1259 | D        | Killed a sky beast
  1260 | D        | Killed a wyvern
  1260 | D        | Killed a yak
  1261 | D        | Received a gift from Trog
  1262 | D        | Killed a yak
  1263 | D        | Noticed a water elemental
  1263 | D        | Killed a phantasmal warrior
  1266 | D        | Killed a wraith
  1266 | D        | Paralysed by a giant eyeball for 3 turns
  1266 | D        | Killed a fire drake
  1268 | D        | Killed a water elemental
  1274 | D        | Killed an iguana
  1281 | D        | Killed a flayed ghost
  1512 | D        | Gained mutation: Your body sometimes deteriorates upon taking damage. [potion of mutation]
  1512 | D        | Gained mutation: Your magical capacity is low (-10% MP). [potion of mutation]
  1512 | D        | Gained mutation: Your body often deteriorates upon taking damage. [potion of mutation]
  1513 | D        | Lost mutation: Your magical capacity is low (-10% MP). [potion of cure mutation]
  1513 | D        | Lost mutation: Your body often deteriorates upon taking damage. [potion of cure mutation]
  1513 | D        | Lost mutation: Your body sometimes deteriorates upon taking damage. [potion of cure mutation]
  1571 | D        | Noticed a smoke demon
  1572 | D        | Noticed a wasp
  1576 | D        | Killed a wasp
  1580 | D        | Killed a smoke demon
  1588 | D        | Noticed a harpy
  1590 | D        | Noticed a harpy
  1596 | D        | Noticed a harpy
  1602 | D        | Killed a harpy
  1616 | D        | Killed a harpy
  1616 | D        | Received a gift from Trog
  1616 | D        | Reached skill level 15 in Fighting
  1620 | D        | Killed a harpy
  1620 | D        | Reached skill level 15 in Armour
  1620 | D        | Reached skill level 15 in Shields
  1647 | D        | Noticed a jumping spider
  1647 | D        | Noticed a greater naga
  1647 | D        | Noticed a harpy
  1647 | D        | Noticed a harpy
  1662 | D        | Killed a harpy
  1664 | D        | Killed a greater naga
  1665 | D        | Killed a harpy
  1668 | D        | Killed a jumping spider
  1668 | D        | Received a gift from Trog
  1841 | D        | Noticed a sea snake
  1842 | D        | Noticed a wandering mushroom
  1853 | D        | Killed a sea snake
  1860 | D        | Killed a wandering mushroom
  1869 | D        | Noticed an alligator
  1871 | D        | Noticed a porcupine
  1878 | D        | Killed an alligator
  1878 | D        | Reached XP level 12. HP: 71/88 MP: 12/12
  1879 | D        | Killed a porcupine
  1879 | D        | Reached skill level 16 in Fighting
  1887 | D        | Noticed a naga
  1890 | D        | Noticed a guardian mummy
  1890 | D        | Killed a naga
  1891 | D        | Noticed a naga warrior
  1891 | D        | Noticed a naga sharpshooter
  1891 | D        | Noticed a naga
  1891 | D        | Noticed a salamander
  1891 | D        | Noticed a guardian mummy
  1901 | D        | Killed a guardian mummy
  1911 | D        | Killed a naga warrior
  1911 | D        | Received a gift from Trog
  1912 | D        | Killed a guardian mummy
  1912 | D        | Reached skill level 15 in Maces & Flails
  1913 | D        | Killed a naga sharpshooter
  1915 | D        | Killed a salamander
  1916 | D        | Killed a naga
  2156 | D        | Noticed Margery
  2156 | D        | Noticed a hell knight
  2156 | D        | Noticed a hell knight
  2156 | D        | Noticed a necromancer
  2156 | D        | Noticed a necromancer
  2156 | D        | Noticed a hell knight
  2156 | D        | Noticed a hell knight
  2158 | D        | Noticed a death cob
  2158 | D        | Noticed a hell knight
  2158 | D        | Noticed a black draconian
  2171 | D        | Noticed a deep elf sorcerer
  2173 | D        | Killed from afar by Margery

Vault maps used:
D:        pitsprint

Action                   |  1- 3 |  4- 6 |  7- 9 | 10-12 || total
-------------------------+-------+-------+-------+-------++-------
Melee: Flail             |    63 |       |    22 |       ||    85
       Morningstar       |       |       |    71 |    44 ||   115
       Eveningstar       |       |       |       |   122 ||   122
Invok: Trog's Hand       |     1 |       |     5 |     9 ||    15
       Berserk           |     1 |       |       |       ||     1
       Brothers in Arms  |       |       |     2 |     8 ||    10
  Use: Potion            |       |       |     1 |     4 ||     5
       Scroll            |       |       |       |     2 ||     2
  Eat: Chunk             |       |       |     2 |       ||     2
       Bread ration      |       |       |     1 |       ||     1
       Meat ration       |       |       |       |     1 ||     1
